 Dungeon Crawl Stone Soup version 0.26.1-2-gb8aa6d0cf2 (webtiles) character file.

Game seed: 10924595735010352816

2935 jlumianski the Cleaver (level 9, -15/79 (80) HPs)
             Began as a Palentonga Fighter on Mar 2, 2021.
             Was a Priest of Okawaru.
             Killed by the air
             ... invoked by Gastronok
              (34 damage)
             ... on level 7 of the Dungeon.
             The game lasted 00:35:44 (8368 turns).

jlumianski the Cleaver (Palentonga Fighter)         Turns: 8368, Time: 00:35:44

HP:   -15/79 (80)   AC: 20    Str: 22    XL:     9   Next: 51%
MP:   10/10         EV:  4    Int: 10    God:    Okawaru [***...]
Gold: 138           SH: 11    Dex:  9    Spells: 8/8 levels left

rFire    . . .     SeeInvis +   a - +0 war axe (elec)
rCold    + . .     Faith    +   c - +1 kite shield
rNeg     . . .     Spirit   .   I - +0 plate armour
rPois    .         Reflect  .   t - +2 helmet
rElec    .         Harm     .   h - scarf {repulsion}
rCorr    .         Rampage  .   (no gloves)
Will     .....                  (no barding)
Stlth    ..........             E - amulet of faith
HPRegen  0.23/turn              x - ring of protection from cold
MPRegen  0.12/turn              (no ring)

@: slowed, lightly drained, repel missiles, curled up, very slow
A: large, rugged brown scales 3, see invisible, deformed body, roll 1, armoured
tail, reflexive curl
a: Rolling Charge, Renounce Religion, Heroism


You were on level 7 of the Dungeon.
You worshipped Okawaru.
Okawaru was most pleased with you.
You visited 2 branches of the dungeon, and saw 9 of its levels.

You collected 378 gold pieces.
You spent 240 gold pieces at shops.

Inventory:

Hand Weapons
 a - a +0 war axe of electrocution (weapon)
 F - a +0 spear of freezing
 G - a +1 vorpal spear
 J - a +1 mace of pain
 N - a +4 vorpal flail
Missiles
 i - 212 stones
 n - 3 throwing nets
 v - 8 javelins
 z - 63 poisoned darts (quivered)
Armour
 b - a +0 scale mail
 c - a +1 kite shield (worn)
 h - a scarf of repulsion (worn)
 t - a +2 helmet (worn)
 y - the +0 ring mail of Isaeheiv {MP+9}
   (You found it on level 4 of the Dungeon)

   It affects your magic capacity (+9).
 I - a +0 plate armour (worn)
Jewellery
 f - an uncursed amulet of regeneration
 x - a ring of protection from cold (left hand)
 A - an uncursed amulet of reflection
 E - an amulet of faith (around neck)
Wands
 u - a wand of flame (14)
 K - a wand of polymorph (10)
 L - a wand of iceblast (9)
 P - a wand of random effects (13)
Scrolls
 j - 3 scrolls of enchant armour
 l - a scroll of noise
 p - 2 scrolls of teleportation
 q - 2 scrolls of identify
 w - 4 scrolls of remove curse
 B - 2 scrolls of fear
 D - a scroll of amnesia
 H - a scroll of magic mapping
 O - a scroll of random uselessness {unknown}
Potions
 d - 2 potions of might
 e - 4 potions of curing
 g - 3 potions of lignification
 k - a potion of magic
 m - 7 potions of flight
 o - a potion of brilliance
 r - a potion of cancellation {unknown}
 s - 3 potions of heal wounds
 C - a potion of haste {unknown}
 M - a potion of invisibility {unknown}


   Skills:
 + Level 5.9 Fighting
 + Level 8.3 Axes
 + Level 1.1 Throwing
 + Level 5.5 Armour
 + Level 2.2 Dodging
 + Level 0.1 Stealth
 + Level 5.2 Shields
 * Level 1.7 Invocations


You had 8 spell levels left.
You didn't know any spells.
Your spell library was empty.

Dungeon Overview and Level Annotations

Branches:
Dungeon (8/15)             Temple (1/1) D:5
   Lair: D:8-11

Altars:
Ashenzari
Cheibriados
Dithmenos
Elyvilon
Fedhas
Hepliaklqana
Kikubaaqudgha
Makhleb
Nemelex Xobeh
Okawaru
Ru
Sif Muna
Uskayaw
Vehumet
Xom
Yredelemnul
Zin
The Shining One
Lugonu

Shops:
D:4 ?   D:5 [   D:7 ![=

Annotations:
D:3 2 transporters, hgbash's ghost, amateur GrEE
D:6 Hehehe's ghost, novice DDFi
D:7 Gastronok


Innate Abilities, Weirdness & Mutations

You are completely covered in rugged brown scales. (AC +3, +7% HP)
You have supernaturally acute eyesight. (SInv)
Armour fits poorly on your strangely shaped body.
You can roll at nearby foes to attack.
You have a long armoured tail.
You curl defensively after being hit.


Message History

Gastronok bites you!
You slash Gastronok! Lightning courses through Gastronok!
Gastronok is severely wounded.
You barely miss Gastronok.
You tail-slap Gastronok, but do no damage.
Gastronok is severely wounded.
Gastronok gurgles, "A snack!
A snack!"
You block Gastronok's attack.
You slash Gastronok!
Your tail-slap misses Gastronok.
Gastronok is severely wounded.
You feel like a meek peon again. Gastronok bites you!!
* * * LOW HITPOINT WARNING * * *
You slash Gastronok! You tail-slap Gastronok.
Gastronok is severely wounded.
You hit Gastronok but do no damage. Lightning courses through Gastronok!
Gastronok is almost dead.
Gastronok waves his eye-stalks in wide circles.
The air twists around and strikes you!!
You die...

.....#
#....###..#........#
.....#
#....#∩#...........#
.....#
#...[#'#...........#
..####
#..<.............).#
..#
#.......###........#
### #..)....#
#........# #.....###
#........# #.....#
#........# #...@.#
###'##.[.# #....w#
#._.#...# #.....#
##.##.<.# #.....#
###....# #######
#....## #......
#...... #......
#......


You could see Gastronok (swift).

Vanquished Creatures
  A two-headed ogre (D:7)
  Prince Ribbit (D:6)
  Edmund (D:6)
  2 sky beasts (D:6)
  A black bear (D:7)
  4 ogres (D:4)
  A necrophage (D:7)
  A centaur (D:6)
  Blork the orc (D:6)
  A gnoll sergeant (D:6)
  3 scorpions
  A bullfrog zombie (D:7)
  4 hounds
  2 quasits
  A bullfrog skeleton (D:5)
  A jelly (D:5)
  3 orc priests
  3 orc wizards
  Natasha (thrice) (D:2)
  An iguana (D:5)
  4 worker ants
  9 gnolls
  3 adders
  A shadow imp (D:7)
  7 white imps
  2 ufetubi
  2 oozes (D:1)
  2 worms
  3 dart slugs
  5 leopard geckos
  24 orcs
  4 giant cockroaches
  6 goblins
  6 hobgoblins
  4 jackals (D:1)
  6 quokkas
  6 bats
  6 frilled lizards
  A jackal skeleton (D:4)
  9 kobolds
  3 rats
149 creatures vanquished.

Vanquished Creatures (others)
  6 plants (D:3)
6 creatures vanquished.

Grand Total: 155 creatures vanquished

Notes
Turn   | Place    | Note
-------+----------+-------------------------------------------
     0 | D:1      | jlumianski the Palentonga Fighter began the quest for the
                  | Orb.
     0 | D:1      | Reached XP level 1. HP: 20/20 MP: 1/1
    74 | D:1      | Reached XP level 2. HP: 27/27 MP: 2/2
   450 | D:1      | Reached XP level 3. HP: 30/33 MP: 3/3
   808 | D:2      | Noticed Natasha
   810 | D:2      | Killed Natasha
   815 | D:2      | Reached XP level 4. HP: 33/41 MP: 4/4
  1147 | D:2      | Noticed Natasha
  1148 | D:2      | Killed Natasha
  1474 | D:2      | Found a sacrificial altar of Ru.
  1474 | D:2      | Found a snail-covered altar of Cheibriados.
  1586 | D:2      | Found a hazy altar of Hepliaklqana.
  1958 | D:2      | Noticed Natasha
  1964 | D:2      | Killed Natasha
  1965 | D:2      | Reached skill level 3 in Axes
  1965 | D:2      | Reached XP level 5. HP: 41/49 MP: 5/5
  2431 | D:3      | Found a transporter.
  2472 | D:3      | Found a transporter.
  2568 | D:3      | Noticed hgbash's ghost (amateur GrEE)
  2750 | D:3      | Found a broken altar of Ashenzari.
  3025 | D:5      | Entered Level 5 of the Dungeon
  3058 | D:4      | Noticed an ogre
  3067 | D:4      | Reached XP level 6. HP: 26/55 MP: 6/6
  3072 | D:4      | Reached skill level 4 in Axes
  3079 | D:4      | Reached skill level 1 in Dodging
  3342 | D:4      | Gained mutation: You curl defensively after being hit.
                  | [Palentonga growth]
  3342 | D:4      | Reached XP level 7. HP: 55/63 MP: 7/7
  3558 | D:4      | Reached skill level 5 in Axes
  4340 | D:4      | Found a glowing golden altar of the Shining One.
  4342 | D:4      | Noticed an angel
  4357 | D:4      | Found a basalt altar of Yredelemnul.
  4359 | D:4      | Noticed a profane servitor
  4383 | D:4      | Found Noavar's Magic Scroll Boutique.
  4426 | D:4      | Found an iron altar of Okawaru.
  4549 | D:4      | Got a bronze ring mail
  4571 | D:4      | Identified the cursed +0 ring mail of Isaeheiv {MP+9} (You
                  | found it on level 4 of the Dungeon)
  4746 | D:5      | Found a staircase to the Ecumenical Temple.
  4821 | Temple   | Entered the Ecumenical Temple
  5014 | D:5      | Found Gurphekh's Antique Armour Boutique.
  5137 | D:5      | Reached skill level 6 in Axes
  5137 | D:5      | Reached XP level 8. HP: 63/71 MP: 8/8
  5382 | D:6      | Noticed Prince Ribbit
  5692 | D:4      | Became a worshipper of Warmaster Okawaru
  5825 | D:5      | Found a shadowy altar of Dithmenos.
  6003 | D:4      | Bought a scroll of brand weapon for 240 gold pieces
  6278 | D:6      | Reached skill level 5 in Fighting
  6447 | D:6      | Noticed Blork the orc
  6459 | D:6      | Killed Blork the orc
  6503 | D:6      | Reached * piety under Okawaru
  6643 | D:6      | Found a sparkling altar of Nemelex Xobeh.
  6713 | D:7      | Reached skill level 5 in Armour
  6732 | D:7      | Found a runed translucent door.
  6733 | D:7      | Found a shimmering altar of Xom.
  6733 | D:7      | Noticed Hehehe's ghost (novice DDFi)
  6733 | D:7      | Noticed a +0 flail of chaos
  6745 | D:7      | Noticed a two-headed ogre
  6756 | D:7      | Killed a two-headed ogre
  6756 | D:7      | Reached ** piety under Okawaru
  6757 | D:7      | Reached skill level 7 in Axes
  6757 | D:7      | Reached skill level 1 in Throwing
  6757 | D:7      | Reached skill level 5 in Shields
  6757 | D:7      | Reached XP level 9. HP: 22/80 MP: 9/9
  6919 | D:6      | Found a blossoming altar of Fedhas.
  6959 | D:6      | Killed Prince Ribbit
  6959 | D:6      | Reached *** piety under Okawaru
  6960 | D:6      | Reached skill level 8 in Axes
  6960 | D:6      | Reached skill level 1 in Invocations
  7116 | D:6      | Noticed Edmund
  7122 | D:6      | Killed Edmund
  7529 | D:7      | Found Poibom's Jewellery Shoppe.
  7670 | D:7      | Found Keijenew's Distillery.
  7768 | D:7      | Found Dadghot's Antique Armour Emporium.
  8352 | D:8      | Noticed Gastronok
  8368 | D:7      | Killed from afar by Gastronok

Illustrated notes

Levels and vault maps discovered:
D:1:      amcnicky_arrival_flooded_fountain, layout_basic, fountainhead,
          roderic_lattice_a
D:2:      layout_loops_cross, nzn_hepliaklqana_mist_gate, cheibriados_altar_1,
          overflow_temple_1_default, uniq_natasha
D:3:      layout_basic, overflow_temple_1_default,
          gammafunk_ghost_gnarly_gnolls, kennysheep_cross_bottleneck
D:4:      layout_loops_ring, grunt_temple_overflow_holy_war,
          nicolae_overflow_hidden_temple, serial_shops, shop
D:5:      layout_basic, lemuel_doored_altar, minmay_temple_entry_stoned_glass,
          serial_shops, shop
D:6:      layout_loops_corners, overflow_temple_1_default, marbit_many_paths,
          uniq_prince_ribbit1, uniq_edmund, uniq_blork_the_orc
D:7:      layout_basic, ebering_ghost_xom, serial_shops, kennysheep_mini,
          nicolae_shop_temple_entry_statues_fountains, kennysheep_mini_moat
D:8:      layout_rooms, nicolae_qazlal_style_of_elements,
          introduction_to_nature_2, uniq_gastronok
Temple:   corrupted_temple

Skill      XL: |  1  2  3  4  5  6  7  8  9 |
---------------+----------------------------+-----
Shields        | 3 4 5 |  5.2
Armour         | 3 4 5 |  5.5
Axes           | 3 4 6 7 8 |  8.3
Fighting       | 4 5 |  5.9
Dodging        | 1 2 |  2.2
Throwing       | 1 |  1.1
Invocations    | 1 |  1.7
Stealth        | |  0.1

Action                   |  1- 3 |  4- 6 |  7- 9 || total
-------------------------+-------+-------+-------++-------
Melee: War axe           |    64 |   103 |   306 ||   473
       Tailslap          |     5 |    15 |    35 ||    55
Throw: Javelin           |       |       |     5 ||     5
       Dart              |       |       |     5 ||     5
Invok: Heroism           |       |       |     1 ||     1
 Abil: Rolling Charge    |    17 |    22 |    32 ||    71
Evoke: Wand              |       |       |     1 ||     1
  Use: Scroll            |       |     7 |     7 ||    14
       Potion            |       |     2 |     7 ||     9
Armor: Scale mail        |    25 |    31 |    16 ||    72
       Ring mail         |       |       |    50 ||    50
       Plate armour      |       |       |    64 ||    64
       Skin              |       |       |     4 ||     4
Dodge: Dodged            |    12 |    19 |    67 ||    98
       Repelled          |     2 |     1 |     3 ||     6
Block: Kite shield       |    38 |    66 |   180 ||   284
